 Dungeon Crawl Stone Soup version 0.22.1-1-ga44c0e5 (webtiles) character file.

76 inc the Conjurer (level 4, 18/18 HPs)
             Began as a Felid Conjurer on Oct 30, 2018.
             Quit the game on level 3 of the Dungeon.
             The game lasted 00:03:55 (2373 turns).

inc the Conjurer (Felid Conjurer)                   Turns: 2373, Time: 00:03:55

Health: 18/18      AC:  1    Str:  4    XL:     4   Next: 12%
Magic:  8/8        EV: 18    Int: 17    God:
Gold:   81         SH:  0    Dex: 17    Spells: 6/7 levels left
                                        Lives:  0   Deaths: 1

rFire    . . .     SeeInvis +   (weapon unavailable)
rCold    . . .     Gourm    .   (shield unavailable)
rNeg     . . .     Faith    .   (armour unavailable)
rPois    .         Spirit   .   (helmet unavailable)
rElec    .         Reflect  .   (cloak unavailable)
rCorr    .         Harm     .   (gloves unavailable)
MR       .....                  (boots unavailable)
Stlth    +++.......             (no amulet)
HPRegen  0.06/turn              (no ring)
MPRegen  0.11/turn              (no ring)

@: quick
A: very small, no armour, no weapons or thrown items, stealth, claws 1, fangs 3,
see invisible, carnivore, speed 1, shaggy fur 1, slow metabolism 1, sharp paws
a: no special abilities


You were on level 3 of the Dungeon.
You were not hungry.

You visited 1 branch of the dungeon, and saw 3 of its levels.

You collected 81 gold pieces.

Inventory:

Wands
 k - a wand of acid (6)
Scrolls
 c - a scroll of enchant armour {unknown}
 e - 2 scrolls of identify {unknown}
 g - 3 scrolls of teleportation {unknown}
 l - a scroll of magic mapping {unknown}
 m - a scroll of remove curse {unknown}
 o - a scroll of blinking {unknown}
 p - 2 scrolls of fear {unknown}
Potions
 a - a potion of degeneration {unknown}
 d - a potion of cancellation {unknown}
 f - a potion of heal wounds {unknown}
 h - a potion of flight {unknown}
 i - a potion of brilliance {unknown}
 j - a potion of magic {unknown}
 n - a potion of haste {unknown}
Comestibles
 b - 2 rations


   Skills:
 - Level 2.6 Dodging
 - Level 2.6 Stealth
 - Level 2.0 Spellcasting
 + Level 5.9 Conjurations


You had 6 spell levels left.
You knew the following spells:

 Your Spells              Type           Power        Failure   Level  Hunger
a - Magic Dart            Conj           ###.         1%          1    #......

Your spell library contained the following spells:

 Spells                   Type           Power        Failure   Level  Hunger
 Searing Ray              Conj           ###...       2%          2    ###....
 Dazzling Spray           Conj/Hex       ##....       17%         3    ###....
 Iskenderun's Mystic Bla  Conj           ###.....     17%         4    #####..
 Force Lance              Conj/Tloc      ##......     50%         4    #####..
 Fulminant Prism          Conj/Hex       ##........   50%         4    #####..


Dungeon Overview and Level Annotations

Branches:
Dungeon (3/15)

Altars:
Fedhas
Hepliaklqana
Makhleb
Zin


Innate Abilities, Weirdness & Mutations

You cannot wear armour.
You are incapable of wielding weapons or throwing items.
Your paws allow you to move quietly. (Stealth)
You have sharp claws.
You have razor-sharp teeth.
You have supernaturally acute eyesight. (SInv)
You are carnivorous and can eat meat at any time.
You cover ground quickly.
You are covered in fur. (AC +1)
You have a slow metabolism.
Your sharp claws are effective at attacking unaware monsters.


Message History

The worker ant bites you.
* * * LOW HITPOINT WARNING * * *
You are more poisoned.
The worker ant poisons you!
* * * LOW HITPOINT WARNING * * *
You feel sick.
Casting: Magic Dart (safe; 1% risk of failure)
Confirm with . or Enter, or press ? or * to list all spells.
Aiming: Magic Dart (safe; 1% risk of failure)
Press: ? - help, Shift-Dir - straight line, f/p - worker ant
Aim: a worker ant (almost dead)
The magic dart hits the worker ant.
You kill the worker ant!
You have reached level 5!
You feel agile.
You die...
You feel sick.
You are now level 4!
You rejoin the land of the living...
Are you sure you want to abandon this character and quit the game? (Confirm

...............#.#### ..
....#<..#..........$#
....###..........##
...#####..........#
..##..............# #
####.####.........# ...
##.## #.........##..#
#...# #............#
#...####......@.##.#
###....>................
<...).###.........#.....
.......##.........######
###....##.........#
#...............#
....##..........#
....##..........#
.#.#............#


There were no monsters in sight!

Vanquished Creatures
  A worker ant (D:3)
  4 gnolls (D:2)
  4 adders
  An ooze (D:2)
  A dart slug (D:1)
  A leopard gecko (D:2)
  An orc (D:2)
  A ball python (D:1)
  A giant cockroach (D:3)
  4 goblins
  8 hobgoblins
  2 jackals (D:1)
  A quokka (D:2)
  7 bats
  A frilled lizard (D:3)
  6 kobolds
  3 rats
47 creatures vanquished.

Vanquished Creatures (others)
  2 fungi (D:2)
2 creatures vanquished.

Grand Total: 49 creatures vanquished

Notes
Turn   | Place    | Note
-------+----------+-------------------------------------------
     0 | D:1      | inc the Felid Conjurer began the quest for the Orb.
     0 | D:1      | Reached XP level 1. HP: 7/7 MP: 4/4
   158 | D:1      | Reached skill level 4 in Conjurations
   160 | D:1      | Reached XP level 2. HP: 11/11 MP: 0/6
   847 | D:2      | Noticed a green death
   848 | D:2      | Found a burning altar of Makhleb.
   904 | D:2      | Found a glowing silver altar of Zin.
   904 | D:2      | Noticed an angel
   907 | D:2      | Reached XP level 3. HP: 14/14 MP: 3/7
  1303 | D:2      | Found a blossoming altar of Fedhas.
  1378 | D:2      | Reached skill level 5 in Conjurations
  1504 | D:2      | Reached XP level 4. HP: 18/18 MP: 3/8
  1940 | D:2      | Found a hazy altar of Hepliaklqana.
  2372 | D:3      | Reached XP level 5. HP: 2/21 MP: 1/9
  2372 | D:3      | Succumbed to a worker ant's poison
  2373 | D:3      | Reached XP level 4. HP: 0/18 MP: 1/8
  2373 | D:3      | Quit the game

Skill      XL: |  1  2  3 |
---------------+----------+-----
Conjurations   | 4 5 |  5.9
Dodging        | |  2.6
Stealth        | |  2.6
Spellcasting   | |  2.0

Action                   |  1- 3 |  4- 6 || total
-------------------------+-------+-------++-------
Melee: Unarmed           |    10 |       ||    10
 Cast: Magic Dart        |    80 |    43 ||   123
  Eat: Chunk             |     1 |     3 ||     4
Dodge: Dodged            |    23 |    12 ||    35
